 Dungeon Crawl Stone Soup version 0.24.0-13-gcf9b319 (webtiles) character file.

Game seed: 3036256227305727516, levelgen mode: deterministic

15934 Fang the Blocker (level 12, 0/80 HPs)
             Began as a Gargoyle Fighter on Dec 16, 2019.
             Was a Priest of Trog.
             Slain by a minotaur
             ... wielding the +3 short sword of Xoxtir {vamp, Dex+7}
              (20 damage)
             ... in a Gauntlet.
             The game lasted 00:13:49 (11409 turns).

Fang the Blocker (Gargoyle Fighter)                Turns: 11409, Time: 00:13:50

Health: 0/80       AC: 29    Str: 23    XL:     12   Next: 32%
Magic:  12/12      EV: 10    Int:  9    God:    Trog [***...]
Gold:   775        SH: 12    Dex: 10    Spells: 11/11 levels left

rFire    . . .     SeeInvis +   a - +4 war axe
rCold    + . .     Gourm    .   B - +0 shield
rNeg     + + +     Faith    .   b - +0 plate armour {rC+}
rPois    ∞         Spirit   .   s - +1 helmet
rElec    +         Reflect  .   o - +2 ratskin cloak {+Rats rPois rN+ Str-1 Int-1 Dex+1}
rCorr    .         Harm     .   (no gloves)
MR       +++++     Clarity  +   (no boots) Stlth ..........NoTele +
                                l - amulet of the Four Winds {rN+ MR+++ Clar}
HPRegen  1.23/turn              h - +4 ring of evasion
MPRegen  0.13/turn              g - ring of see invisible

@: berserk cooldown, regenerating, slowed, very slow
A: negative energy resistance 1, electricity resistance, unbreathing,
petrification resistance, rot immunity, AC +8
a: Berserk, Trog's Hand, Renounce Religion, Evoke Ratskin


You were in a Gauntlet.
You worshipped Trog.
Trog was most pleased with you.
You were not hungry.

You visited 3 branches of the dungeon, and saw 13 of its levels.
You also visited: Bailey and Gauntlet.

You collected 775 gold pieces.

Inventory:

Hand Weapons
 a - a +4 war axe (weapon)
Armour
 b - a +0 plate armour of cold resistance (worn)
 o - the +2 ratskin cloak (worn) {+Rats rPois rN+ Str-1 Int-1 Dex+1}
   (You found it on level 6 of the Dungeon)

   It affects your strength (-1).
   It affects your intelligence (-1).
   It affects your dexterity (+1).
   It protects you from poison.
   It protects you from negative energy.
 s - a +1 helmet (worn)
 x - the cursed -3 pair of boots of Zivvehask {-Tele +Inv rElec rN++, unknown}
   (You found it in a Gauntlet)

   It insulates you from electricity.
   It greatly protects you from negative energy.
   It lets you turn invisible.
   It prevents most forms of teleportation.
   It has a curse placed upon it.
 y - a scarf of cloud immunity
 B - a +0 shield (worn)
Jewellery
 f - the amulet "Zuecih" {Gourm rC+}
   (You found it in a Gauntlet)

   [amulet of the gourmand]

   It allows you to eat raw meat even when not hungry.
   It protects you from cold.
 g - a ring of see invisible (right hand)
 h - a +4 ring of evasion (left hand)
 l - the amulet of the Four Winds (around neck) {rN+ MR+++ Clar}
   (You found it on level 6 of the Dungeon)

   [amulet of nothing]

   It protects you from negative energy.
   It affects your resistance to hostile enchantments.
   It protects you against confusion.
Wands
 d - a wand of disintegration (4)
 p - a wand of random effects (27)
 t - a wand of iceblast (20)
 v - a wand of acid (9)
 w - a wand of clouds (5)
Scrolls
 e - 2 scrolls of remove curse
 k - a scroll of magic mapping
 m - 3 scrolls of teleportation
 q - 4 scrolls of identify
Potions
 i - 4 potions of haste
 j - a potion of curing
 n - 2 potions of berserk rage
 r - a potion of agility
 u - a potion of ambrosia
Comestibles
 c - 18 rations


   Skills:
 + Level 11.2 Fighting
 + Level 9.3 Axes
 + Level 11.2 Armour
 + Level 11.3 Shields


You had 11 spell levels left.
You didn't know any spells.
Your spell library contained the following spells:

 Spells                   Type           Power        Failure   Level  Hunger
 Sandblast                Erth           #.....       100%        1    ##.....
 Shock                    Conj/Air       #...         100%        1    ##.....
 Summon Small Mammal      Summ           #...         100%        1    ##.....
 Call Imp                 Summ           #.......     100%        2    ###....
 Swiftness                Chrm/Air       #.......     100%        2    ###....
 Call Canine Familiar     Summ           #.......     100%        3    ####...
 Ozocubu's Armour         Chrm/Ice       #.......     100%        3    ####...
 Static Discharge         Conj/Air       #.......     100%        3    ####...
 Stone Arrow              Conj/Erth      #.....       100%        3    ####...
 Summon Guardian Golem    Hex/Summ       #.......     100%        3    ####...
 Airstrike                Air            #.........   100%        4    #####..
 Leda's Liquefaction      Hex/Erth       #.........   100%        4    #####..
 Petrify                  Tmut/Erth      #.......     100%        4    #####..
 Summon Ice Beast         Ice/Summ       #.......     100%        4    #####..
 Summon Lightning Spire   Summ/Air       #.......     100%        4    #####..
 Lee's Rapid Deconstruct  Erth           #.........   100%        5    ######.
 Lightning Bolt           Conj/Air       #.........   100%        5    ######.


Dungeon Overview and Level Annotations

Branches:
Dungeon (11/15)            Temple (1/1) D:4            Lair (1/6) D:10
    Orc (0/2) D:10         Bailey (visited)         Gauntlet (1/1)

Altars:
Ashenzari
Cheibriados
Dithmenos
Elyvilon
Fedhas
Gozag
Hepliaklqana
Kikubaaqudgha
Makhleb
Nemelex Xobeh
Okawaru
Qazlal
Ru
Sif Muna
Trog
Uskayaw
Vehumet
Wu Jian
Xom
Yredelemnul
Zin
The Shining One
Lugonu

Shops:
D:10 (

Portals:
Trove: D:10 (show slimy rune of Zot)

Annotations:
D:6 2 runed translucent doors, growler's ghost, novice OpEE Gauntlet 5 transporters, exclusion: lightning spire


Innate Abilities, Weirdness & Mutations

You are resistant to torment.
Your stone body is resilient. (AC +8)
You are immune to poison.
You resist negative energy. (rN+)
You are resistant to electric shocks. (rElec)
You can survive without breathing.
You are immune to petrification.
You are immune to rotting.


Message History

The minotaur is lightly wounded.
You block the minotaur's attack. x2
You barely miss the minotaur.
The minotaur is lightly wounded.
You block the minotaur's attack. x2
You are too injured to fight recklessly!
You barely miss the minotaur.
The minotaur is lightly wounded.
You are no longer berserk.
You are exhausted.
You feel yourself slow down.
You are too injured to fight recklessly!
You hit the minotaur.
The minotaur is lightly wounded.
You block the minotaur's attack. The minotaur barely misses you.
You block the minotaur's attack. The minotaur barely misses you.
You slash the minotaur!
The minotaur is moderately wounded.
The minotaur hits you with the +3 short sword of Xoxtir {vamp, Dex+7}!!
You die...

#≈...##
############.....
#........####.8..
##.##.###..##≈....
#8..........##§..#
#.....#.#....#...#
#########.#.#.©8.#...#
#8[8|8.8#(..#....#...#
#∩..H@..'(###.©8.#.8.#
#8[8/8.8#...#....#...#
#########.#.#.©8.#...#
#.....#.#....#...#
#8..........##...#
##.##.###..##≈....
#........####.8..
############.....
#§...##


You could see a minotaur.

Vanquished Creatures
  A green death (Gauntlet)
  A death ooze (Gauntlet)
  Erolcha (D:9)
  A two-headed ogre (D:9)
  An unseen horror (D:11)
  A slime creature (Gauntlet)
  2 ugly things (D:11)
  An orange demon (Gauntlet)
  3 trolls
  3 hippogriffs
  14 yaks
  2 wyverns
  A steam dragon (D:11)
  2 hungry ghosts (D:10)
  A porcupine (Lair:1)
  A water moccasin (D:7)
  4 phantoms
  4 ogres
  11 orc warriors
  2 sky beasts
  10 centaurs
  3 crocodiles (Lair:1)
  12 bullfrogs
  A gnoll sergeant (D:7)
  A water moccasin skeleton (D:10)
  2 scorpions
  A troll zombie (D:10)
  3 wights (D:7)
  3 howler monkeys
  5 crimson imps
  2 bullfrog zombies
  2 quasits
  4 hounds
  6 jellies
  10 orc wizards
  8 orc priests
  3 centaur skeletons
  Ijyb (D:3)
  A bullfrog skeleton (D:5)
  Jessica (D:3)
  5 iguanas
  A hell rat (D:6)
  4 worker ants
  7 ogre zombies (D:10)
  A howler monkey zombie (D:7)
  23 gnolls
  9 adders
  6 river rats (D:6)
  2 shadow imps
  5 oozes (D:10)
  An adder zombie (D:5)
  An adder skeleton (D:6)
  5 worms
  A dart slug (D:4)
  5 leopard geckos
  39 orcs
  2 ball pythons
  5 bats
  7 giant cockroaches
  7 goblins
  6 hobgoblins
  19 jackals
  10 kobolds
  8 quokkas
  4 frilled lizards
  3 goblin zombies (D:10)
  3 hobgoblin skeletons (D:10)
  4 hobgoblin zombies (D:10)
  A jackal zombie (D:6)
  2 orc skeletons (D:10)
  13 orc zombies (D:10)
  23 rats
  3 plants (D:10)
371 creatures vanquished.

Vanquished Creatures (collateral kills)
  An orc warrior (D:7)
  A phantom (D:7)
  A big kobold (D:9)
3 creatures vanquished.

Vanquished Creatures (others)
  2 orcs (Bailey)
  3 fungi (Gauntlet)
  17 plants (Gauntlet)
22 creatures vanquished.

Grand Total: 396 creatures vanquished

Notes
Turn   | Place    | Note
-------+----------+-------------------------------------------
     0 | D:1      | Fang the Gargoyle Fighter began the quest for the Orb.
     0 | D:1      | Reached XP level 1. HP: 14/14 MP: 1/1
    42 | D:1      | Reached XP level 2. HP: 14/19 MP: 2/2
   229 | D:1      | Reached XP level 3. HP: 23/23 MP: 3/3
   679 | D:2      | Found a stormy altar of Qazlal.
   763 | D:2      | Found an opulent altar of Gozag.
   764 | D:2      | Found a sparkling altar of Nemelex Xobeh.
   795 | D:2      | Found a sacrificial altar of Ru.
   795 | D:2      | Found a hazy altar of Hepliaklqana.
   795 | D:2      | Found a radiant altar of Vehumet.
   880 | D:2      | Reached XP level 4. HP: 29/29 MP: 4/4
  1381 | D:2      | You fall into a shaft and drop 1 floor!
  1382 | D:3      | Noticed a bullfrog
  1388 | D:3      | Killed a bullfrog
  1388 | D:3      | Reached XP level 5. HP: 34/34 MP: 5/5
  1591 | D:3      | Found a burning altar of Makhleb.
  1650 | D:3      | Reached XP level 6. HP: 3/39 MP: 6/6
  1950 | D:3      | Found an opulent altar of Gozag.
  1977 | D:3      | Noticed Jessica
  1983 | D:3      | Killed Jessica
  2028 | D:3      | Noticed Ijyb
  2036 | D:3      | Killed Ijyb
  2037 | D:3      | Found a basalt altar of Yredelemnul.
  2037 | D:3      | Found a glowing golden altar of the Shining One.
  2461 | D:3      | Noticed a profane servitor
  2683 | D:4      | Found a snail-covered altar of Cheibriados.
  2683 | D:4      | Found a shadowy altar of Dithmenos.
  2716 | D:4      | Reached skill level 5 in Shields
  2722 | D:4      | Identified the Catalogue of Aid and Clay
  2773 | D:4      | Reached skill level 5 in Fighting
  2773 | D:4      | Reached skill level 5 in Armour
  2773 | D:4      | Reached XP level 7. HP: 41/44 MP: 7/7
  2820 | D:4      | Found a shimmering blue altar of Sif Muna.
  2928 | D:4      | Found a glowing silver altar of Zin.
  2942 | D:4      | You fall into a shaft and drop 1 floor!
  2942 | D:5      | Entered Level 5 of the Dungeon
  3160 | D:5      | Reached XP level 8. HP: 35/51 MP: 8/8
  3174 | D:5      | Found an ornate altar of the Wu Jian Council.
  3349 | D:4      | Found a staircase to the Ecumenical Temple.
  3361 | Temple   | Entered the Ecumenical Temple
  4097 | D:6      | Found the amulet of the Four Winds {rN+ MR+++ Clar}
  4279 | D:6      | Found the +2 ratskin cloak {+Rats rPois rN+ Str-1 Int-1
                  | Dex+1}
  4395 | D:6      | Reached skill level 5 in Axes
  4478 | D:6      | Found a runed translucent door.
  4659 | D:6      | Found a runed translucent door.
  4660 | D:6      | Noticed growler's ghost (novice OpEE)
  4677 | D:6      | Reached XP level 9. HP: 40/56 MP: 9/9
  6008 | D:7      | Reached XP level 10. HP: 14/64 MP: 10/10
  6767 | D:8      | Found an iron altar of Okawaru.
  6933 | D:8      | Noticed a moth of wrath
  6936 | D:8      | Found a bloodstained altar of Trog.
  6964 | D:8      | Became a worshipper of Trog the Wrathful
  7204 | D:9      | Noticed Erolcha
  7230 | D:9      | Killed Erolcha
  7347 | D:9      | Noticed a two-headed ogre
  7361 | D:9      | Killed a two-headed ogre
  7664 | D:9      | Reached XP level 11. HP: 68/71 MP: 11/11
  7707 | D:9      | Reached * piety under Trog
  7844 | D:9      | Reached skill level 10 in Fighting
  7844 | D:9      | Reached skill level 10 in Shields
  7847 | D:9      | Reached skill level 10 in Armour
  8054 | D:10     | Entered Level 10 of the Dungeon
  8094 | D:10     | Found a flagged portal.
  8118 | Bailey   | Entered a bailey
  8146 | Bailey   | Reached ** piety under Trog
  8344 | Bailey   | Noticed an orc knight
  8694 | D:10     | Found a staircase to the Orcish Mines.
  8721 | D:10     | Paralysed by fainting for 9 turns
  9044 | D:10     | Reached *** piety under Trog
  9106 | D:10     | Found a staircase to the Lair.
  9266 | D:10     | Found a portal to a secret trove of treasure.
  9275 | D:10     | Found Kecwe's Weapon Shop.
  9737 | D:11     | Noticed a purple ugly thing
  9748 | D:11     | Killed a purple ugly thing
  9748 | D:11     | Noticed an unseen horror
  9793 | D:11     | Killed an unseen horror
 10377 | D:11     | Noticed a purple ugly thing
 10395 | D:11     | Killed a purple ugly thing
 10395 | D:11     | Reached XP level 12. HP: 64/79 MP: 12/12
 10602 | Lair:1   | Entered Level 1 of the Lair of Beasts
 10681 | Lair:1   | Found a gate leading to a gauntlet.
 10694 | Gauntlet | Entered a Gauntlet
 10694 | Gauntlet | Found a transporter.
 10704 | Gauntlet | Found a transporter.
 10705 | Gauntlet | Found a runed translucent door.
 10710 | Gauntlet | Found a transporter.
 10711 | Gauntlet | Found a transporter.
 10714 | Gauntlet | Found a transporter.
 10715 | Gauntlet | Found a transporter.
 10723 | Gauntlet | Found a transporter.
 10724 | Gauntlet | Found a transporter.
 10724 | Gauntlet | Noticed a green death
 10731 | Gauntlet | Noticed a catoblepas
 10748 | Gauntlet | Found a transporter.
 10813 | Gauntlet | Noticed a death ooze
 10836 | Gauntlet | Killed a death ooze
 11135 | Gauntlet | Got a translucent graven amulet
 11138 | Gauntlet | Identified the amulet "Zuecih" {Gourm rC+} (You found it in
                  | a Gauntlet)
 11156 | Gauntlet | Killed a green death
 11156 | Gauntlet | Reached **** piety under Trog
 11220 | Gauntlet | Got a pair of brightly glowing boots
 11393 | Gauntlet | Identified the +3 short sword of Xoxtir {vamp, Dex+7}
 11393 | Gauntlet | Identified the +5 ring mail of Voifacu {+Inv MR+ Regen+
                  | Str-2}
 11393 | Gauntlet | Noticed a minotaur
 11409 | Gauntlet | Slain by a minotaur

Levels and vault maps discovered:
D:1:      psy_arrival_conway, layout_basic, minmay_tromino_v2
D:2:      wad_woods_pond, layout_basic, grunt_temple_overflow_opulence,
          grunt_qazlal_sundering, chequers_temple_overflow_statue_of_worship
D:3:      layout_rooms, grunt_temple_overflow_holy_war, lemuel_doored_altar,
          first_ration, nicolae_gozag_cash_rules_everything_around_me,
          uniq_jessica, uniq_ijyb
D:4:      layout_basic, lemuel_crystal_altar, lemuel_blue_sif_altar,
          gammafunk_temple_overflow_wave, minmay_temple_entry_proselytizer,
          minmay_fractal_squares_5
D:5:      lemuel_ice_spiral_2, layout_rooms, lemuel_round_altar
D:6:      wander_guarded_unrand_ratskin, layout_basic, ebering_ghost_sewer_f
D:7:      layout_layer_cave
D:8:      layout_cave_pools, tgw_trog, okawaru_metal_pillars_1_2, serial_park
D:9:      layout_long_grid, uniq_erolcha
D:10:     layout_cave_pools, dpeg_oklobed_lair, zombieorc2_lemuel, serial_shops,
          kennysheep_mini, enter_trove_6, enter_bailey_3,
          hangedman_little_slice_of_home
D:11:     layout_basic
Temple:   corrupted_temple
Lair:1:   layout_roguey, gauntlet_entry_generic, grunt_megastairs_3
Gauntlet: minmay_gauntlet_mixed_oops_all_seconds
          [minmay_gauntlet_arena_77_radiant_squares,
          gammafunk_gauntlet_arena_hedges, minmay_gauntlet_arena_77_path,
          nicolae_gauntlet_arena_quarters, minmay_gauntlet_arena_77_braids,
          nicolae_gauntlet_arena_grate_2,
          nicolae_gauntlet_exit_dead_adventurers]

Skill      XL: |  1  2  3  4  5  6  7  8  9 10 11 12 |
---------------+-------------------------------------+-----
Axes           | 2 3 4 5 6 7 8 9 |  9.3
Fighting       | 4 5 6 8 9 10 11 | 11.2
Armour         | 4 5 6 8 9 10 11 | 11.2
Shields        | 4 5 6 8 9 10 11 | 11.3

Action                   |  1- 3 |  4- 6 |  7- 9 | 10-12 || total
-------------------------+-------+-------+-------+-------++-------
Melee: War axe           |    99 |   159 |   385 |   584 ||  1227
Invok: Berserk           |       |       |       |     5 ||     5
       Trog's Hand       |       |       |       |     1 ||     1
 Abil: Evoke Ratskin     |       |       |       |     2 ||     2
  Use: Scroll            |       |     7 |     9 |     5 ||    21
       Potion            |       |     3 |       |       ||     3
  Eat: Chunk             |       |     7 |    11 |    17 ||    35
       Ration            |       |       |       |     3 ||     3
Armor: Scale mail        |    56 |    96 |   124 |       ||   276
       Plate armour      |       |       |   103 |   432 ||   535
Dodge: Dodged            |    28 |    54 |   158 |   266 ||   506
Block: Shield            |    53 |    98 |   255 |   470 ||   876
